 Dungeon Crawl Stone Soup version 0.25.1-2-g60ff931df9 (webtiles) character file.

Game seed: 8751544915551611373

9469 Ivernyr the Ogre Mage (level 11, -2/118 (119) HPs)
             Began as an Ogre Wizard on Oct 13, 2020.
             Was a Believer of Sif Muna.
             Slain by a red ugly thing (20 damage)
             ... on level 9 of the Dungeon.
             The game lasted 00:57:45 (19086 turns).

Ivernyr the Ogre Mage (Ogre Wizard)                Turns: 19086, Time: 00:57:46

HP:   -2/118 (119)  AC:  4    Str: 13    XL:     11   Next: 47%
MP:   15/26         EV: 10    Int: 22    God:    Sif Muna [**....]
Gold: 156           SH:  5    Dex:  7    Spells: 24/33 levels left

rFire    . . .     SeeInvis .   i - +0 spear
rCold    . . .     Gourm    .   (no shield)
rNeg     . . .     Faith    .   a - +0 robe
rPois    .         Spirit   .   b - +0 hat
rElec    .         Reflect  +   g - +0 cloak
rCorr    .         Harm     .   (gloves unavailable)
MR       +....                  (boots unavailable)
Stlth    +.........             q - amulet of reflection
HPRegen  0.29/turn              h - +4 ring of slaying
MPRegen  0.20/turn              F - ring of flight

@: lethally poisoned (-2 -> -3), very slightly contaminated
A: large, unfitting armour, tough skin 1
a: Channel Magic, Renounce Religion, Evoke Flight


You were on level 9 of the Dungeon.
You worshipped Sif Muna.
Sif Muna was pleased with you.
You were not hungry.

You visited 2 branches of the dungeon, and saw 12 of its levels.
You also visited: Sewer.

You collected 443 gold pieces.
You spent 287 gold pieces at shops.

Inventory:

Hand Weapons
 i - a +0 spear (weapon)
Missiles
 o - 85 poisoned darts (quivered)
 B - 6 large rocks
Armour
 a - a +0 robe (worn)
 b - a +0 hat (worn)
 g - a +0 cloak (worn)
Jewellery
 h - a +4 ring of slaying (left hand)
 q - an amulet of reflection (around neck)
 F - a ring of flight (right hand)
Wands
 x - a wand of acid (6)
 E - a wand of flame (21)
Scrolls
 c - 3 scrolls of fog {unknown}
 e - 7 scrolls of fear
 f - 7 scrolls of remove curse {unknown}
 j - 9 scrolls of identify
 l - 8 scrolls of amnesia {unknown}
 n - a scroll of random uselessness {unknown}
 p - 5 scrolls of teleportation
 r - a scroll of enchant armour {unknown}
 y - 2 scrolls of blinking
 z - 2 scrolls of magic mapping
 C - 2 scrolls of vulnerability {unknown}
Potions
 k - 2 potions of magic {unknown}
 m - a potion of brilliance {unknown}
 s - 4 potions of flight {unknown}
 t - a potion of stabbing {unknown}
 u - 3 potions of haste
 v - a potion of lignification {unknown}
 w - 2 potions of degeneration {unknown}
 A - 3 potions of curing {unknown}
 D - 3 potions of mutation {unknown}
Comestibles
 d - 13 rations
 G - 5 chunks of flesh


   Skills:
 + Level 10.6 Fighting
 - Level 1.7 Dodging
 - Level 1.4 Stealth
 * Level 11.6 Spellcasting
 + Level 9.2 Conjurations
   Level 0.8 Summonings
 - Level 0.8 Translocations
 + Level 6.8 Invocations


You had 24 spell levels left.
You knew the following spells:

 Your Spells              Type           Power        Failure   Level  Hunger
a - Magic Dart            Conj           ####         1%          1    None
b - Blink                 Tloc           N/A          5%          2    None
c - Conjure Flame         Conj/Fire      ####....     2%          3    None
d - Mephitic Cloud        Conj/Pois/Air  ####....     4%          3    None

Your spell library contained the following spells:

 Spells                   Type           Power        Failure   Level  Hunger
 Animate Skeleton         Necr           N/A          5%          1    None
 Pain                     Necr           ##..         5%          1    None
 Call Imp                 Summ           ###.....     5%          2    None
 Slow                     Hex            ##......     8%          2    None
 Vampiric Draining        Necr           ##........   16%         3    None
 Animate Dead             Necr           N/A          45%         4    None
 Agony                    Necr           ##......     82%         5    ####...


Dungeon Overview and Level Annotations

Branches:
Dungeon (11/15)            Temple (1/1) D:5            Lair (0/6) D:9
    Orc (0/2) D:9           Sewer (visited)

Altars:
Ashenzari
Dithmenos
Fedhas
Hepliaklqana
Kikubaaqudgha
Nemelex Xobeh
Qazlal
Ru
Sif Muna
Trog
Zin
The Shining One

Shops:
D:6 ?   D:8 *[%

Annotations:
D:8 1 runed translucent door, nyroko's ghost, novice DECj


Innate Abilities, Weirdness & Mutations

You are too large for most types of armour.
You have tough skin. (AC +1)


Message History

The magic dart hits something but does no damage.
You feel sick. Something hits you!
Casting: Magic Dart (safe; 1% risk of failure)
Confirm with . or Enter, or press ? or * to list all spells.
The fire begins to smolder!
Something hits you! Something hits you.
Casting: Conjure Flame (mildly dangerous; 2% risk of failure)
Confirm with . or Enter, or press ? or * to list all spells.
The fire ignites!
You are engulfed in blazing flames.
* * * LOW HITPOINT WARNING * * *
You block something's attack.
You feel sick.
The iguana hisses menacingly.
You feel sick.
There is a stone staircase leading up here.
You climb upwards.
Reactivating autopickup.
The red ugly thing punches you!
* * * LOW HITPOINT WARNING * * *
You are engulfed in flames!!
You die...

#.....# #.###.# #.#
#.# #.##### #......
##################
#.................
#u###############.
#@................
####.#########....
#...# #.### ###.# #.#
#####.# #.### #...#.#
#.... #####...#.#
####. #...#...#.# #.
#.#.#...#############


You could see a red ugly thing.

Vanquished Creatures
  A death yak (D:9)
  3 two-headed ogres
  A troll (D:9)
  4 hippogriffs
  A spriggan (D:7)
  Sigmund (D:5)
  4 yaks (D:10)
  2 basilisks (D:9)
  Menkaure (D:5)
  Edmund (D:5)
  3 orc warriors
  5 ice beasts
  A phantom (D:8)
  2 sky beasts
  A necrophage (D:8)
  4 ogres
  6 centaurs
  6 bullfrogs
  5 scorpions
  3 wights (D:8)
  5 killer bees (D:10)
  4 howler monkeys
  A centaur zombie (D:9)
  A bullfrog zombie (D:8)
  6 crimson imps
  3 bullfrog skeletons
  5 hounds
  6 orc priests (D:9)
  A jelly (D:9)
  7 orc wizards
  2 centaur skeletons
  8 iguanas
  6 worker ants
  2 worker ant zombies
  Robin (D:3)
  14 adders
  7 gnolls
  A howler monkey skeleton (D:6)
  2 shadow imps
  2 dart slugs
  3 worms
  2 leopard geckos
  47 orcs
  10 giant cockroaches
  12 hobgoblins
  8 jackals
  A quokka (D:8)
  3 ball pythons (Sewer)
  14 bats
  11 frilled lizards
  A giant cockroach zombie (D:5)
  18 goblins
  A jackal zombie (D:5)
  7 kobolds
  A quokka zombie (D:9)
  5 rats
283 creatures vanquished.

Notes
Turn   | Place    | Note
-------+----------+-------------------------------------------
     0 | D:1      | Ivernyr the Ogre Wizard began the quest for the Orb.
     0 | D:1      | Reached XP level 1. HP: 16/16 MP: 5/5
    33 | D:1      | Reached skill level 1 in Conjurations
   330 | D:1      | Reached XP level 2. HP: 26/26 MP: 3/6
   392 | D:1      | Learned a level 2 spell: Blink
   427 | D:1      | Reached skill level 1 in Fighting
  1152 | D:1      | Reached XP level 3. HP: 12/33 MP: 0/8
  1794 | D:1      | Learned a level 3 spell: Conjure Flame
  1798 | D:1      | Learned a level 3 spell: Mephitic Cloud
  1828 | D:2      | Found a glowing golden altar of the Shining One.
  1910 | D:2      | Reached skill level 4 in Spellcasting
  2331 | D:2      | Reached XP level 4. HP: 20/42 MP: 0/10
  3064 | D:3      | Found a glowing drain.
  3095 | Sewer    | Entered a sewer
  3415 | Sewer    | Reached XP level 5. HP: 50/50 MP: 7/11
  3810 | D:3      | Noticed Robin
  3842 | D:3      | Killed Robin
  4083 | D:3      | Found a stormy altar of Qazlal.
  4970 | D:4      | Reached XP level 6. HP: 53/61 MP: 8/13
  5216 | D:4      | Reached skill level 5 in Spellcasting
  5760 | D:5      | Entered Level 5 of the Dungeon
  5783 | D:5      | Reached XP level 7. HP: 61/71 MP: 9/14
  5852 | D:5      | Noticed Edmund
  5865 | D:5      | Killed Edmund
  5907 | D:5      | Reached skill level 5 in Conjurations
  6099 | D:5      | Reached skill level 5 in Fighting
  6153 | D:5      | Noticed Sigmund
  6193 | D:5      | Killed Sigmund
  6195 | D:5      | Reached skill level 6 in Spellcasting
  6195 | D:5      | Reached XP level 8. HP: 64/81 MP: 7/17
  6767 | D:5      | Noticed Menkaure
  6784 | D:5      | Killed Menkaure
  6997 | D:5      | You fall into a shaft and drop 3 floors!
  7760 | D:5      | Found a staircase to the Ecumenical Temple.
  7777 | Temple   | Entered the Ecumenical Temple
  7914 | Temple   | Became a worshipper of Sif Muna the Loreminder
  8091 | D:6      | Reached skill level 1 in Invocations
  8319 | D:6      | Reached skill level 7 in Spellcasting
  8376 | D:6      | Reached XP level 9. HP: 62/93 MP: 19/19
  8775 | D:6      | Found a bloodstained altar of Trog.
  9101 | D:6      | Found a blossoming altar of Fedhas.
  9571 | D:6      | Found Vazienug's Magic Scroll Shop.
  9577 | D:6      | Bought a scroll of fear for 49 gold pieces
  9577 | D:6      | Bought a scroll of blinking for 105 gold pieces
  9577 | D:6      | Bought a scroll of teleportation for 42 gold pieces
  9577 | D:6      | Bought a scroll of magic mapping for 49 gold pieces
  9577 | D:6      | Bought a scroll of teleportation for 42 gold pieces
 10606 | D:7      | Reached skill level 8 in Spellcasting
 10877 | D:8      | Found Dadefoq's Assorted Antiques.
 11218 | D:8      | Reached * piety under Sif Muna
 11595 | D:8      | Found a hazy altar of Hepliaklqana.
 11604 | D:8      | Found a runed translucent door.
 11604 | D:8      | Noticed nyroko's ghost (novice DECj)
 11831 | D:8      | Found Bykietsibla's Armour Shoppe.
 12086 | D:8      | Found Oxiygoar's Food Shop.
 12166 | D:9      | Noticed a death yak
 12285 | D:9      | Reached XP level 10. HP: 76/105 MP: 9/22
 12448 | D:9      | Reached skill level 9 in Spellcasting
 12672 | D:9      | Noticed a two-headed ogre
 12680 | D:9      | Killed a two-headed ogre
 12812 | D:9      | Found a staircase to the Lair.
 13404 | D:9      | Reached skill level 5 in Invocations
 13586 | D:9      | Reached ** piety under Sif Muna
 13651 | D:9      | Reached skill level 10 in Spellcasting
 14928 | D:9      | Found a staircase to the Orcish Mines.
 15679 | D:9      | Killed a death yak
 15679 | D:9      | Reached XP level 11. HP: 86/116 MP: 14/25
 15923 | D:10     | Entered Level 10 of the Dungeon
 16057 | D:10     | Reached skill level 10 in Fighting
 16356 | D:10     | Reached skill level 11 in Spellcasting
 17303 | D:10     | Noticed a two-headed ogre
 17332 | D:10     | Killed a two-headed ogre
 17931 | D:10     | Noticed a two-headed ogre
 17949 | D:10     | Killed a two-headed ogre
 18243 | D:10     | Identified the +4 long sword "Jommurot" {holy, rElec rF-
                  | rC+ MR+} (You found it on level 10 of the Dungeon)
 18261 | D:11     | Noticed a red ugly thing
 19086 | D:9      | Slain by a red ugly thing

Illustrated notes

Levels and vault maps discovered:
D:1:      dpeg_arrival_simpleton_c, layout_basic
D:2:      layout_rooms, nicolae_overflow_hidden_temple, first_ration,
          kennysheep_generic_room_14
D:3:      layout_loops_ring, lemuel_round_altar, gup_sewer_entry_glass,
          uniq_robin
D:4:      layout_loops_ring
D:5:      layout_loops_ring, minmay_temple_entry_junction, uniq_sigmund,
          uniq_menkaure, uniq_edmund
D:6:      layout_basic, kennysheep_mini, serial_shops, shop_fountains,
          fedhas_altar_2
D:7:      layout_cave_pools, the_bakery
D:8:      layout_loops_corners, basic_altar, serial_shops, kennysheep_mini_moat,
          shop, shop, hellmonk_ghost_happy_afterlife
D:9:      layout_basic, david_lair_generic, hiddenorc2_lemuel,
          chequers_serial_rivers_room_a, patterned_corridor
D:10:     layout_basic
D:11:     layout_rooms, maelrawn_ghost_gauntlet_escape, minmay_statue_bubble
Temple:   regret_index_temple_generic_petals

Skill      XL: |  1  2  3  4  5  6  7  8  9 10 11 |
---------------+----------------------------------+-----
Conjurations   | 1 2 3 4 5 7 8 9 |  9.2
Fighting       | 1 2 3 4 5 7 8 9 10 | 10.6
Spellcasting   | 4 5 6 7 8 10 11 | 11.6
Invocations    | 1 4 5 6 |  6.8
Dodging        | |  1.7
Stealth        | |  1.4
Summonings     | |  0.8
Translocations | |  0.8

Action                   |  1- 3 |  4- 6 |  7- 9 | 10-12 || total
-------------------------+-------+-------+-------+-------++-------
Melee: Unarmed           |    48 |       |       |       ||    48
       Mace              |    23 |       |       |       ||    23
       Spear             |    20 |   115 |   128 |   282 ||   545
Throw: Dart              |       |    13 |    27 |    24 ||    64
 Cast: Magic Dart        |    79 |   119 |   295 |   157 ||   650
       Conjure Flame     |       |     5 |    19 |    47 ||    71
       Mephitic Cloud    |       |       |     7 |    16 ||    23
       Blink             |       |       |     9 |    24 ||    33
 Abil: Evoke Flight      |       |       |       |     2 ||     2
  Use: Scroll            |       |       |       |     4 ||     4
 Stab: Confused          |       |       |     2 |     1 ||     3
       Sleeping          |       |       |     1 |       ||     1
       Distracted        |       |       |       |     1 ||     1
  Eat: Chunk             |     4 |    11 |    17 |    12 ||    44
       Ration            |       |       |     1 |     3 ||     4
Armor: Robe              |    42 |    40 |    44 |    63 ||   189
Dodge: Dodged            |    76 |    64 |    93 |   127 ||   360
Block: Other             |       |    21 |    55 |    79 ||   155
       Reflection        |       |       |     4 |     3 ||     7
